 Dungeon Crawl Stone Soup version 0.21.1-1-g345015f (webtiles) character file.

2 Monsterracer the Caller (level 1, -2/13 HPs)
             Began as a Human Summoner on Feb 17, 2018.
             Slain by a leopard gecko (5 damage)
             ... on level 1 of the Dungeon.
             The game lasted 00:01:07 (399 turns).

Monsterracer the Caller (Human Summoner)             Turns: 399, Time: 00:01:08

Health: -2/13      AC:  2    Str:  8    XL:     1   Next: 33%
Magic:  0/3        EV: 12    Int: 15    God:
Gold:   26         SH:  0    Dex: 13    Spells: 3/4 levels left

rFire    . . .     SeeInvis .   (no weapon)
rCold    . . .     Gourm    .   (no shield)
rNeg     . . .     Faith    .   a - +0 robe
rPois    .         Spirit   .   (no helmet)
rElec    .         Reflect  .   (no cloak)
rCorr    .         Harm     .   (no gloves)
MR       .....                  (no boots)
Stlth    ++........             (no amulet)
HPRegen  0.04/turn              (no ring)
MPRegen  0.08/turn              (no ring)

@: no status effects
A: no striking features
a: no special abilities


You were on level 1 of the Dungeon.
You were not hungry.

You visited 1 branch of the dungeon, and saw 1 of its levels.

You collected 26 gold pieces.

Inventory:

Armour
 a - a +0 robe (worn)
Scrolls
 e - a scroll of enchant armour {unknown}
 f - a scroll of identify {unknown}
 g - a scroll of fear {unknown}
Potions
 d - a potion of magic {unknown}
Books
 b - a book of Callings

   Spells                             Type                      Level
   a - Summon Small Mammal            Summoning                    1
   b - Call Imp                       Summoning                    2
   c - Call Canine Familiar           Summoning                    3
   d - Summon Guardian Golem          Hexes/Summoning              3
   e - Summon Lightning Spire         Summoning/Air                4
   f - Summon Ice Beast               Ice/Summoning                4
Comestibles
 c - a ration


   Skills:
 - Level 2.0 Dodging
 - Level 2.0 Stealth
 + Level 0.6 Unarmed Combat
 - Level 2.0 Spellcasting
 - Level 4.0 Summonings


You had 3 spell levels left.
You knew the following spells:

 Your Spells              Type           Power        Failure   Level  Hunger
a - Summon Small Mammal   Summ           ##..         4%          1    #......


Dungeon Overview and Level Annotations

Branches:
Dungeon (1/15)

Altars:


Message History

You start resting.
Your rat disappears in a puff of smoke!
HP restored.
Health restored: 13
There is a staircase leading out of the dungeon here.
You see here a kobold skeleton.
There is an open door, spattered with blood here.
You now have 9 gold pieces.
d - a purple potion You now have 26 gold pieces (gained 17).
e - a scroll labeled FAOCAT COFFAIMM
f - a scroll labeled ZOTION FOOXTU
Found an escape hatch in the floor.
g - a scroll labeled SEQIDD DOOM A leopard gecko comes into view.
A leopard gecko is nearby!
A bat comes into view.
The bat moves out of view.
Found 11 gold pieces.
The leopard gecko hisses angrily.
The bat hits you but does no damage.
You closely miss the bat. The bat barely misses you. The bat barely misses you.
You hit the bat but do no damage. The bat misses you.
The bat barely misses you. The bat hits you.
You take 1 damage, and have 12/13 hp.
Casting: Summon Small Mammal
Confirm with . or Enter, or press ? or * to list all spells.
The bat hits you but does no damage.
You now have 2/3 mp.
Your bat completely misses the bat.
You hit the bat.
The bat is moderately wounded.
The bat hits you.
Your bat closely misses the bat.
The bat hits you. The leopard gecko misses you.
You take 2 damage, and have 10/13 hp.
You hit the bat.
You kill the bat!
Your bat hits the leopard gecko but does no damage.
The leopard gecko bites you.
Your bat hits the leopard gecko.
You take 3 damage, and have 7/13 hp.
MASSIVE DAMAGE!!
Casting: Summon Small Mammal
Confirm with . or Enter, or press ? or * to list all spells.
Your bat misses the leopard gecko.
Your bat closely misses the leopard gecko.
The leopard gecko bites you.
* * * LOW HITPOINT WARNING * * *
Your bat completely misses the leopard gecko.
You take 2 damage, and have 5/13 hp.
You now have 1/3 mp.
Casting: Summon Small Mammal
Confirm with . or Enter, or press ? or * to list all spells.
Your bat barely misses the leopard gecko.
Your bat hits the leopard gecko. The leopard gecko closely misses you.
Your rat barely misses the leopard gecko.
You now have 0/3 mp.
Unknown command.
Your bat closely misses the leopard gecko.
Your bat closely misses the leopard gecko.
Your rat closely misses the leopard gecko.
Your bat barely misses the leopard gecko.
The leopard gecko closely misses you.
Your bat hits the leopard gecko. You miss the leopard gecko.
The leopard gecko is heavily wounded.
The leopard gecko barely misses you.
Your rat barely misses the leopard gecko.
You miss the leopard gecko.
The leopard gecko is heavily wounded.
Your bat closely misses the leopard gecko.
The leopard gecko bites you but does no damage.
Your rat closely misses the leopard gecko. x2
You closely miss the leopard gecko.
The leopard gecko is heavily wounded.
Your bat barely misses the leopard gecko.
The leopard gecko misses you.
Your rat bites the leopard gecko.
Your rat barely misses the leopard gecko.
You barely miss the leopard gecko.
The leopard gecko is almost dead.
Your bat hits the leopard gecko but does no damage.
The leopard gecko bites you.
* * * LOW HITPOINT WARNING * * *
Your rat barely misses the leopard gecko. x2
The leopard gecko bites you but does no damage.
You take 3 damage, and have 2/13 hp.
MASSIVE DAMAGE!!
Your bat barely misses the leopard gecko.
Your bat hits the leopard gecko but does no damage.
The leopard gecko bites your rat.
Your rat dies!
Your rat's corpse disappears in a puff of smoke!
Casting: Summon Small Mammal
Confirm with . or Enter, or press ? or * to list all spells.
You now have 0/3 mp.
Unknown command.
Your bat disappears in a puff of smoke!
The leopard gecko misses you.
You barely miss the leopard gecko.
The leopard gecko is almost dead.
The leopard gecko bites you.
You die...

#...........
#.........#
#.........#
#.........#
########.........#
......###........#
......# #§.......#
.....###.###.#.#####
##..........r.rl@...#
.##..##.#.###.#.###.#
..#.....#.###.#.# #.#
<÷'..####.......###.##
..#..# ##....#......#
.##..# #.####.###..#
##...#####.# #.##...#
.....(...... #.#..#.#
.....##...... #.#....#


You could see a leopard gecko and 2 friendly rats.

Vanquished Creatures
  A bat (D:1)
1 creature vanquished.

Vanquished Creatures (collateral kills)
  A giant cockroach (D:1)
  A kobold (D:1)
2 creatures vanquished.

Grand Total: 3 creatures vanquished

Notes
Turn   | Place    | Note
-------+----------+-------------------------------------------
     0 | D:1      | Monsterracer the Human Summoner began the quest for the Orb.
     0 | D:1      | Reached XP level 1. HP: 13/13 MP: 3/3
    16 | D:1      | HP: 5/13 [kobold (2)]
    32 | D:1      | HP: 2/13 [kobold (2)]
   381 | D:1      | HP: 5/13 [leopard gecko (2)]
   390 | D:1      | HP: 2/13 [leopard gecko (3)]
   399 | D:1      | Slain by a leopard gecko

Action                   || total
-------------------------++-------
Melee: Unarmed           ||    17
 Cast: Summon Small Mamm ||     8
Armor: Robe              ||     5
Dodge: Dodged            ||    25

Vault maps used:
D:1:      dpeg_arrival_shelter
